 Dungeon Crawl Stone Soup version 0.20.0 (webtiles) character file.

182 Danakh the Sneak (level 5, 0/38 HPs)
             Began as a Vampire Skald on June 1, 2017.
             Killed by divine providence
             ... invoked by an orc priest
              (11 damage)
             ... on level 3 of the Dungeon.
             The game lasted 00:08:43 (3380 turns).

Danakh the Sneak (Vampire Skald)                    Turns: 3380, Time: 00:08:43

Health: 0/38       AC:  4    Str: 10    XL:     5   Next: 34%
Magic:  8/8        EV: 13    Int: 15    God:
Gold:   167        SH:  0    Dex: 15    Spells: 4/8 levels left

rFire    . . .     SeeInvis +   a - +0 short sword
rCold    + + .     Gourm    .   (no shield)
rNeg     + + .     Faith    .   b - +1 leather armour
rPois    +         Spirit   .   (no helmet)
rElec    .         Reflect  .   (no cloak)
rCorr    .         Harm     .   (no gloves)
MR       .....                  (no boots)
Stlth    +++++.....             (no amulet)
Regen    0.1/turn               g - ring of stealth
MPRegen  0.2/turn               s - ring of protection from cold

@: regenerating slowly
A: fangs 3, see invisible, unbreathing
a: Bat Form


You were on level 3 of the Dungeon.
You were thirsty.

You visited 1 branch of the dungeon, and saw 3 of its levels.

You collected 167 gold pieces.

Inventory:

Hand Weapons
 a - a +0 short sword (weapon)
Armour
 b - a +1 leather armour (worn)
Jewellery
 g - a ring of stealth (left hand)
 j - an uncursed ring of fire
 s - a ring of protection from cold (right hand)
Scrolls
 e - a scroll of amnesia
 h - a scroll of noise
 i - 3 scrolls of remove curse
Potions
 d - 7 potions of blood
 f - 2 potions of curing {unknown}
 k - a potion of lignification {unknown}
 l - a potion of ambrosia {unknown}
 m - 3 potions of brilliance {unknown}
 o - a potion of haste
Books
 c - a book of Battle

   Spells                             Type                      Level
   a - Infusion                       Charms                       1
   b - Shroud of Golubria             Charms/Translocation         2
   c - Song of Slaying                Charms                       2
   d - Spectral Weapon                Hexes/Charms                 3
   e - Regeneration                   Charms/Necromancy            3


   Skills:
 - Level 1.7 Fighting
 + Level 3.4 Short Blades
 + Level 1.9 Armour
 + Level 3.4 Dodging
 * Level 4.9 Stealth
 - Level 2.0 Spellcasting
 - Level 3.2 Charms


You had 4 spell levels left.
You knew the following spells:

 Your Spells              Type           Power        Failure   Level  Hunger
e - Infusion              Chrm           ##..         8%          1    #......
r - Regeneration          Chrm/Necr      #.........   41%         3    ###....


Dungeon Overview and Level Annotations

Branches:
Dungeon (3/15)

Altars:

Annotations:
D:3 enarc13's ghost, amateur CeAM


Innate Abilities, Weirdness & Mutations

You heal slowly.
You have razor-sharp teeth.
You have supernaturally acute eyesight. (SInv)
You can survive without breathing.


Message History

The hobgoblin is severely wounded.
The hobgoblin hits you but does no damage. 2 orcs come into view.
The orc shouts! x2
You hit the hobgoblin.
You kill the hobgoblin!
An orc comes into view. It is wielding a dagger.
The orc moves out of view.
An orc comes into view. It is wielding a hand axe.
You see here a hobgoblin corpse.
A worm comes into view.
The orc priest calls down the wrath of Beogh upon you.
Beogh smites you!
You see here a hobgoblin corpse.
The orc priest invokes the aid of Beogh against you.
Beogh smites you!
* * * LOW HITPOINT WARNING * * *
The orc priest mumbles some strange prayers to Beogh against you.
Beogh smites you!
You die...

..#.# .. ..o.#
###.# #.# ..)# #
#.##########.#
#oo# #
#............#
#o.# #
############.#
#o.# # #.# #..#
# #.# #..# #
##.#######oo###
#...@...o.....#
#..####.##.##.#
######## #..#
#.##.##.# ####
.......######>.#
#.......####...
..........)....#
####.....).....
######.######.##
###..####... #.#
#.# #..# ##.#
#.#
#.##########..#
#.# #### #.#
#.............#
#.#


You could see an orc priest and 2 orcs.

Vanquished Creatures
  3 gnolls (D:3)
  6 adders
  An ooze (D:1)
  2 worms (D:2)
  5 dart slugs
  A leopard gecko (D:2)
  A ball python (D:3)
  4 bats
  7 giant cockroaches
  6 goblins
  10 hobgoblins
  11 jackals
  4 frilled lizards
  4 kobolds
  10 rats
75 creatures vanquished.

Notes
Turn   | Place    | Note
-------+----------+-------------------------------------------
     0 | D:1      | Danakh the Vampire Skald began the quest for the Orb.
     0 | D:1      | Reached XP level 1. HP: 16/16 MP: 3/3
    99 | D:1      | Reached skill level 1 in Armour
   343 | D:1      | Reached skill level 1 in Stealth
   358 | D:1      | Reached XP level 2. HP: 21/22 MP: 5/5
   488 | D:1      | Reached skill level 2 in Stealth
   785 | D:1      | Reached XP level 3. HP: 20/27 MP: 6/6
   968 | D:2      | Reached skill level 3 in Stealth
  1743 | D:2      | Reached XP level 4. HP: 32/33 MP: 7/7
  1830 | D:2      | Reached skill level 4 in Stealth
  2443 | D:2      | Learned a level 3 spell: Regeneration
  2811 | D:3      | Noticed enarc13's ghost (amateur CeAM)
  2860 | D:3      | Reached XP level 5. HP: 38/38 MP: 8/8
  3380 | D:3      | Killed from afar by an orc priest

Skill      XL: |  1  2  3  4 |
---------------+-------------+-----
Armour         | 1 |  1.9
Stealth        | 1 2 3 4 |  4.9
Dodging        | 3 |  3.4
Short Blades   | 3 |  3.4
Fighting       | |  1.7
Spellcasting   | |  2.0
Charms         | |  3.2

Action                   |  1- 3 |  4- 6 || total
-------------------------+-------+-------++-------
Melee: Short sword       |   167 |   155 ||   322
       Bite              |    16 |    12 ||    28
  Use: Scroll            |       |     9 ||     9
       Potion            |       |     2 ||     2
 Stab: Sleeping          |     6 |    13 ||    19
       Distracted        |       |     2 ||     2
  Eat: Corpse            |     1 |     1 ||     2
Armor: Leather armour    |    39 |    28 ||    67
Dodge: Dodged            |    99 |    93 ||   192
